coffeebug, chaotic female elven Priestess --------------------------------- |...........@..@..af@a..........| | ---- ----- ----|--..----- | G |..|..| G |..|..|@ @ -----.| @ |.-+--- | |........| @ -..----- | @ ...+ m -....|@ ----.- ^ +. |.. -.. .. ---- coffeebug the Acolyte Experience level: 4 Strength: 14 Dexterity: 11 Constitution: 12 Intelligence: 10 Wisdom: 20 Charisma: 10 Health: 0(33) Energy: 59(59) Def: 14 Gold: 3620 Moves: 3099 Dungeon seed: rY1A4YkDDChCPwtV Game ID: coffeebug_1433904062 Your Inventory: Coins $ - 3620 gold pieces Amulets l - a blessed amulet of ESP (being worn) Weapons a - a blessed +3 mace (weapon in hand) C - an uncursed +0 bow Armor e - an uncursed +0 dwarvish cloak n - a blessed +1 small shield (being worn) q - a blessed +3 orcish helm (being worn) r - an uncursed +0 pair of iron shoes (being worn) w - a blessed +1 studded leather armor (being worn) A - an uncursed +0 robe (being worn) Comestibles u - an uncursed eucalyptus leaf D - an uncursed coffee bean Scrolls H - a cursed scroll of punishment J - a blessed scroll of remove curse Spellbooks s - an uncursed spellbook of turn undead Potions b - 2 potions of holy water o - an uncursed potion of extra healing v - an uncursed potion of gain ability Rings f - an uncursed -1 ring of increase accuracy Wands m - an uncursed wand of cancellation (0:3) t - a cursed wand of opening (0:6) Tools c - an uncursed stethoscope j - an uncursed expensive camera (0:96) x - 4 cursed tallow candles (0:200) B - an uncursed +0 pick-axe (alternate weapon; not wielded) Y - an uncursed lock pick Gems y - an uncursed worthless piece of orange glass Spells known in the end: Name Level Category Fail Memory a - cure sickness 3 healing 66% 85% b - clairvoyance 3 divination 71% 85% c - protection 1 clerical 0% 85% d - confuse monster 2 enchantment 39% 95% Your skills at the end: Fighting Skills Weapon Skills mace [Basic] Spellcasting Skills clerical spells [Basic] Final Attributes: You were piously aligned. You were sleep resistant. You were poison resistant. You were telepathic. You had infravision. You are dead. Vanquished creatures: a small mimic a dwarf lord 2 gnome lords a black naga hatchling a straw golem a dwarf 3 iguanas an acid blob a gas spore 3 hobbits a large kobold a cave spider a brown mold a green mold 14 gnomes 7 manes 2 geckos 2 jackals 2 foxen a kobold 3 goblins 2 sewer rats 2 grid bugs 4 kobold zombies 2 newts 60 creatures vanquished. Voluntary challenges: You used a wielded weapon 38 times, starting on turn 1. You read items or engraved 31 times, starting on turn 39. You never genocided any monsters. You never polymorphed an object. You never changed form. You used no wishes. You never split a pudding. You wrote Elbereth's name 19 times, starting on turn 39. You never violated your personal moral code. Dungeon overview: The Dungeons of Doom: levels 1 to 7 Level 1 a fountain a long staircase Level 2 an altar to Raijin Level 3 an armor shop Level 4 a scroll shop, a fountain, a sink stairs to The Gnomish Mines Level 5 Level 6 Level 7 many fountains The Gnomish Mines: levels 5 to 7 Level 5 stairs to The Dungeons of Doom Level 6 Level 7 <- You were here History has recorded: On T:1 you entered the Dungeons of Doom to retrieve the Amulet of Yendor! On T:313 you reached level 2 of The Dungeons of Doom. On T:591 you reached level 3 of The Dungeons of Doom. On T:744 you advanced to experience level 2. On T:913 you reached level 4 of The Dungeons of Doom. On T:1006 you reached level 1 of The Gnomish Mines. On T:1645 you advanced to experience level 3. On T:1932 you advanced to experience level 4. On T:2026 you reached level 5 of The Dungeons of Doom. On T:2059 you reached level 6 of The Dungeons of Doom. On T:2079 you reached level 7 of The Dungeons of Doom. On T:2120 you received advice from The Oracle. On T:2864 you reached level 2 of The Gnomish Mines. On T:3002 you reached level 3 of The Gnomish Mines. Score breakdown: Gold: 3620 (12105 points) Experience: 4 levels ( 9649 points) Exploration: 7 levels ( 13.46%) (10289 points) Discoveries: 9 items ( 3.15%) ( 5321 points) Valuables value: (no points given unless you survive) Artifact value: 0 ( 0 points) Variety of kills: 25 monsters ( 6.60%) ( 7704 points) Time penalty: 3099 turns ( -647 points) Survival: died (score multiplied by 80%) Total score: 35536 Latest messages: The gnome misses Lolcatz. Lolcatz bites the gnome. The gnome is killed! You can move again. Lolcatz picks up a hooded cloak. Lolcatz bites the gnome. The gnome misses Lolcatz. Lolcatz bites the gnome. The gnome is killed! You hear some noises. The gnome is killed! The gnome misses. The gnome lord picks up a thonged club. The gnome misses. The gnome lord wields a thonged club! The gnome lord swings his thonged club. You add to the writing in the dust with your fingers. Your writing hand is beginning to cramp. The soldier ant bites! The soldier ant stings! The soldier ant just misses! The soldier ant stings! You die... Final status: Goodbye coffeebug the Priestess, killed by a soldier ant... You died in The Gnomish Mines on dungeon level 7 with 35536 points, and 3620 pieces of gold, after 3099 moves. You were level 4 with a maximum of 33 hit points when you died.